 Dungeon Crawl Stone Soup version 0.29.1-12-g30fa7ad0bf (webtiles) character file.

Game seed: 8537341369253798393

25 mampy3000 the Chopper (level 2, -1/27 HPs)
             Began as a Minotaur Berserker on Dec 31, 2022.
             Was a Believer of Trog.
             Slain by a worm (3 damage)
             ... on level 1 of the Dungeon.
             The game lasted 00:00:47 (78 turns).

mampy3000 the Chopper (Minotaur Berserker)            Turns: 78, Time: 00:00:47

Health: -1/27      AC:  2    Str: 21    XL:     2   Next: 82%
Magic:  1/1        EV: 12    Int:  4    God:    Trog [**....]
Gold:   5          SH:  0    Dex:  9    Spells: 1/1 levels left

rFire   . . .      SeeInvis .   a - +0 hand axe
rCold   . . .      Faith    .   (no shield)
rNeg    . . .      Spirit   .   b - +0 animal skin
rPois   .          Reflect  .   (helmet restricted)
rElec   .          Harm     .   (no cloak)
rCorr   .          Rampage  .   (no gloves)
Will    .....                   (no boots)
Stlth   +.........              (no amulet)
HPRegen 0.09/turn               (no ring)
MPRegen 0.07/turn               (no ring)

@: on berserk cooldown, slowed, very slow
A: horns 2, retaliatory headbutt
a: Renounce Religion, Berserk, Trog's Hand


You were on level 1 of the Dungeon.
You worshipped Trog.
Trog was pleased with you.
You visited 1 branch of the dungeon, and saw 1 of its levels.

You collected 5 gold pieces.

Inventory:

Hand Weapons
 a - a +0 hand axe (weapon)
Armour
 b - a +0 animal skin (worn)


   Skills:
 + Level 4.1 Fighting
 + Level 4.2 Axes
 + Level 2.8 Armour
 + Level 2.3 Dodging


You had one spell level left.
You didn't know any spells.
Your spell library was empty.

Dungeon Overview and Level Annotations

Branches:
Dungeon (1/15)

Altars:


Innate Abilities, Weirdness & Mutations

You have a pair of horns on your head.
You reflexively headbutt those who attack you in melee.


Message History

You barely miss the rat. You completely miss the worm.
The rat closely misses you. You furiously retaliate!
You headbutt the rat.
You kill the rat!
Trog accepts your kill. The worm closely misses you.
The worm bites you but does no damage.
You hit the worm but do no damage. Your headbutt misses the worm.
The worm is heavily wounded.
You hit the worm. You hit the worm but do no damage. The worm bites you.
The worm closely misses you. x2
You are too injured to fight recklessly!
You are too injured to fight recklessly!
You are too injured to fight recklessly!
You hit the worm.
The worm is severely wounded.
You hit the worm. You barely miss the worm. The worm barely misses you.
The worm closely misses you. You furiously retaliate!
You headbutt the worm. The worm closely misses you.
You barely miss the worm. You headbutt the worm.
You kill the worm!
Trog accepts your kill.
You can now call upon Trog for regeneration and willpower.
You hit the worm. x2; The worm bites you.
* * * LOW HITPOINT WARNING * * *
The worm barely misses you. You furiously retaliate!
You headbutt the worm! You hit the worm but do no damage.
The worm is lightly wounded.
The worm bites you.
* * * LOW HITPOINT WARNING * * *
The worm barely misses you. You furiously retaliate!
You headbutt the worm!
There is an open translucent door, spattered with blood here.
Things that are here:
a giant cockroach corpse; a giant cockroach corpse; a jackal corpse You barely miss the worm.
The worm is severely wounded.
You hit the worm but do no damage. The worm barely misses you.
The worm misses you.
You hit the worm but do no damage.
The worm is heavily wounded.
You hit the worm. The worm bites you.
You die...

.....# #.##.####
#.##.##..
#.##.##.###############
#.##.##.#.............#
#.##....#.............#
##.##.##.#.....†w.!....#
#...r.r..#######@#######
#..##.##.#.....†.w.....#
r..##..#.'⌠....###....⌠+
#####..#.#......<......#
#..#.#..⌠...>...⌠..#
#..#.###+#######'###..#
#..#..................#
#..##..#.##.##.....##.#
#.......#...####.......


You could see 2 worms.

Vanquished Creatures
  A worm (D:1)
  3 endoplasms (D:1)
  3 giant cockroaches (D:1)
  7 jackals (D:1)
  5 rats (D:1)
19 creatures vanquished.

Notes
Turn   | Place    | Note
-------+----------+-------------------------------------------
     0 | D:1      | mampy3000 the Minotaur Berserker began the quest for the
                  | Orb.
     0 | D:1      | Reached XP level 1. HP: 19/19 MP: 0/0
     1 | D:1      | Found a runed translucent door.
    62 | D:1      | Reached XP level 2. HP: 27/27 MP: 1/1
    73 | D:1      | Reached ** piety under Trog
    78 | D:1      | Slain by a worm

Illustrated notes

Levels and vault maps discovered:
D:1:      dpeg_arrival_caged_fury, layout_loops_ring, basic_ecumenical_altar,
          dreamdust_mushroom_princess

Skill      XL: |  1  2 |
---------------+-------+-----
Axes           | 4 |  4.2
Fighting       | 4 |  4.1
Armour         | |  2.8
Dodging        | |  2.3

Action                   || total
-------------------------++-------
Melee: Hand axe          ||    22
       Headbutt          ||     3
Invok: Berserk           ||     1
Armor: Animal skin       ||     2
Dodge: Dodged            ||    21
